Map: Triton EC

Players

ShaDoWn - Winner!

  • Race: Protoss Protoss
  • Spawn Location: 11:00

Creator

  • Race: Protoss Protoss
  • Spawn Location: 5:00

Event: IEM Katowice 2020

VOD

Have the link to the VOD?

Description

Time

  • Played on: Feb. 24, 2020, 4:11 a.m.
  • Length: 9:37

All games in this series

Show
View Real Time Build Order
Export as new Build Order

ShaDoWn Protoss - Winner!

Build Orders: Phoenix Opening, Zealot Archon 

Get SALT Encoding   

  12  0:00  Probe  
  13  0:12  Probe  
  14  0:17  Pylon  
  14  0:25  Probe  
  15  0:37  Probe (Chrono Boost), Gateway  
  16  0:47  Probe (Chrono Boost), Assimilator  
  17  0:52  Probe (Chrono Boost)  
  17  0:55  Assimilator  
  18  1:03  Probe (Chrono Boost)  
  19  1:07  Gateway  
  19  1:13  Probe (Chrono Boost)  
  19  1:18  Probe (Chrono Boost)  
  21  1:26  Cybernetics Core  
  21  1:29  Probe  
  22  1:33  Pylon  
  22  1:48  Probe  
  23  1:59  Warp Gate (Chrono Boost)  
  23  2:00  Probe  
  24  2:02  Stalker x2  
  28  2:09  Pylon  
  28  2:32  Sentry  
  28  2:37  Probe, Nexus  
  31  2:47  Robotics Facility  
  31  2:55  Probe  
  32  3:00  Pylon  
  32  3:01  Sentry  
  33  3:06  Phoenix  
  33  3:07  Probe  
  34  3:19  Probe  
  35  3:22  Shield Battery  
  35  3:31  Probe, Immortal (Chrono Boost)  
  40  3:43  Probe  
  41  3:49  Probe  
  41  3:52  Stalker  
  44  3:55  Probe (Chrono Boost)  
  44  3:59  Stalker  
  44  4:02  Probe (Chrono Boost)  
  49  4:13  Probe (Chrono Boost)  
  49  4:14  Probe (Chrono Boost)  
  50  4:17  Forge  
  50  4:18  Stalker  
  50  4:19  Probe (Chrono Boost)  
  50  4:21  Probe (Chrono Boost)  
  54  4:28  Probe (Chrono Boost), Pylon  
  55  4:37  Probe x2 (Chrono Boost)  
  57  4:39  Assimilator  
  57  4:40  Observer  
  57  4:41  Assimilator  
  57  4:43  Probe  
  57  4:44  Probe, Protoss Ground Weapons Level 1 (Chrono Boost)  
  60  4:47  Twilight Council  
  60  4:55  Probe  
  60  4:56  Probe  
  60  4:59  Pylon  
  62  5:02  Pylon  
  63  5:07  Probe  
  63  5:09  Pylon  
  63  5:17  Probe  
  64  5:25  Charge  
  64  5:30  Templar Archives  
  64  5:32  Gateway  
  64  5:36  Gateway  
  64  5:50  Gateway  
  64  5:51  Gateway x2  
  64  5:57  Gateway, Pylon  
  64  5:58  Zealot x2  
  64  6:02  Pylon  
  68  6:05  Probe  
  68  6:10  Warp Prism  
  71  6:30  Dark Shrine  
  71  6:33  High Templar x4  
  79  6:40  Archon x2  
  79  6:43  Probe  
  79  6:47  Protoss Ground Weapons Level 2 (Chrono Boost)  
  79  6:49  Zealot x3  
  85  6:55  Nexus  
  85  6:56  Pylon  
  85  7:17  High Templar x2, Zealot x5  
  85  7:19  Zealot  
  85  7:20  Pylon  
  85  7:21  Archon  
  101  7:30  Pylon  
  101  7:48  High Templar x2  
  101  7:49  Zealot x6  
  101  7:51  Photon Cannon  
  117  7:52  Archon  
  108  8:20  Assimilator  
  108  8:21  Assimilator  
  108  8:22  Gateway  
  108  8:24  Dark Templar x2  
  108  8:25  Dark Templar  
  87  8:52  Archon  
  75  8:57  Zealot x2  
  75  8:58  Zealot  
  75  9:08  Observer  
  72  9:14  Pylon  
  68  9:20  Zealot x4  
Show
View Real Time Build Order
Export as new Build Order

Creator Protoss 

Build Orders: Oracle Opening, Phoenix Opening, Zealot Archon 

Get SALT Encoding   

  12  0:00  Probe  
  13  0:12  Probe  
  14  0:17  Pylon  
  14  0:24  Probe (Chrono Boost)  
  15  0:36  Probe (Chrono Boost)  
  15  0:37  Gateway  
  16  0:44  Probe (Chrono Boost)  
  16  0:46  Assimilator  
  17  0:51  Probe  
  17  0:54  Assimilator  
  18  1:03  Probe (Chrono Boost)  
  19  1:09  Gateway  
  19  1:14  Probe (Chrono Boost)  
  20  1:18  Probe (Chrono Boost)  
  20  1:25  Cybernetics Core  
  21  1:29  Probe  
  22  1:33  Pylon  
  22  1:41  Probe  
  23  1:53  Probe  
  24  2:01  Stalker  
  24  2:04  Stargate  
  26  2:12  Stalker  
  26  2:13  Probe  
  29  2:19  Warp Gate  
  29  2:24  Pylon  
  29  2:34  Stalker  
  31  2:49  Phoenix (Chrono Boost)  
  33  3:12  Oracle (Chrono Boost)  
  33  3:18  Nexus  
  35  3:21  Probe  
  35  3:25  Pylon  
  36  3:33  Probe  
  37  3:45  Probe, Robotics Facility  
  38  3:57  Probe  
  39  4:08  Sentry  
  39  4:09  Probe  
  42  4:21  Probe (Chrono Boost), Forge  
  45  4:33  Probe (Chrono Boost)  
  45  4:35  Probe (Chrono Boost)  
  46  4:38  Observer  
  46  4:39  Sentry, Stalker  
  46  4:42  Probe (Chrono Boost)  
  46  4:43  Probe (Chrono Boost)  
  52  4:48  Probe (Chrono Boost)  
  52  4:50  Probe (Chrono Boost), Protoss Ground Weapons Level 1 (Chrono Boost)  
  54  4:53  Assimilator  
  54  4:55  Assimilator  
  54  4:57  Probe  
  55  5:00  Probe  
  55  5:03  Pylon  
  56  5:09  Probe  
  56  5:12  Twilight Council  
  56  5:13  Probe (Chrono Boost)  
  58  5:19  Warp Prism  
  60  5:22  Probe (Chrono Boost)  
  62  5:30  Probe (Chrono Boost)  
  62  5:31  Probe (Chrono Boost), Gateway  
  62  5:32  Gateway  
  62  5:35  Gateway  
  63  5:36  Probe (Chrono Boost)  
  63  5:38  Probe  
  65  5:50  Charge, Templar Archives  
  65  6:00  Gateway x2  
  65  6:02  Gateway  
  65  6:13  Nexus  
  65  6:24  Pylon  
  65  6:27  Pylon  
  65  6:29  Pylon  
  65  6:44  High Templar x4  
  65  6:45  Zealot  
  75  6:47  Shield Battery  
  75  6:48  Protoss Ground Weapons Level 2 (Chrono Boost)  
  75  6:49  Pylon  
  75  6:50  Archon x2  
  75  6:54  Pylon  
  75  7:04  Probe x2  
  77  7:16  Probe x2  
  77  7:19  Pylon  
  79  7:31  High Templar x2, Zealot x3  
  79  7:34  Probe x2  
  79  7:35  Probe, Archon  
  92  7:39  Zealot x3  
  98  7:47  Shield Battery  
  98  7:49  Shield Battery x2  
  98  7:50  Shield Battery  
  98  7:52  Archon  
  98  7:58  Zealot x3  
  104  7:59  Zealot x3  
  104  8:04  Shield Battery  
  104  8:05  High Templar x2  
  112  8:06  Shield Battery  
  112  8:10  Archon  
  112  8:11  Shield Battery  
  114  8:21  Pylon  
  114  8:22  Pylon  
  108  8:42  Zealot x6  
  108  8:46  Zealot x2  
  57  9:03  High Templar  
  57  9:04  High Templar x3  
  57  9:05  Zealot  
  57  9:06  Zealot  
  57  9:08  Archon x2  
  61  9:16  Zealot x2  
  47  9:26  Zealot  

Tags
 
Add a new tag
Caveats
  • Supply blocks, unpowered buildings, or Contaminate may cause inaccurate times.
  • Supply counts are checked every 10 seconds.